 Dungeon Crawl Stone Soup version 0.30-b1-2-g02819fbbbe (webtiles) character file.

Game seed: 14154523344554444849

(classic levelgen) 14221 EnegeticOcto the Cleaver (level 11, -1/99 HPs)
             Began as a Minotaur Fighter on May 9, 2023.
             Was a High Priest of Cheibriados.
             Slain by a sun demon (18 damage)
             ... on level 11 of the Dungeon.
             The game lasted 00:05:35 (9003 turns).

EnegeticOcto the Cleaver (Minotaur Fighter)         Turns: 9003, Time: 00:05:35

Health: -1/99      AC: 19    Str: 38    XL:     11   Next: 85%
Magic:  10/15      EV: 15    Int: 18    God:    Cheibriados [*****.]
Gold:   683        SH:  8    Dex: 28    Spells: 10/10 levels left

rFire   . . .        a - +0 broad axe
rCold   . . .        c - +0 buckler
rNeg    . . .        J - +0 plate armour
rPois   .            (helmet restricted)
rElec   .            h - +1 cloak
rCorr   .            m - +0 pair of gloves
SInv    +            B - +0 pair of boots
Will    +....        r - amulet of regeneration Stlth
                     p - ring of willpower
HPRegen 1.16/turn    w - ring of see invisible
MPRegen 0.14/turn

%: no passive effects
@: very slow
A: horns 2, retaliatory headbutt, hooves 1, agile 1
a: Renounce Religion, Bend Time, Temporal Distortion, Slouch, Step From Time


You were on level 11 of the Dungeon.
You worshipped Cheibriados.
Cheibriados was extremely pleased with you.
You visited 2 branches of the dungeon, and saw 12 of its levels.

You collected 749 gold pieces.
You spent 66 gold pieces at shops.

Inventory:

Hand Weapons
 a - a +0 broad axe (weapon)
   (You found it on level 7 of the Dungeon)
 C - the +0 hand axe "Vit Wep" {elec, rPois rF- rCorr Dex+4}
   (You found it on level 7 of the Dungeon)

   Dex:       It affects your dexterity (+4).
   rF:        It makes you vulnerable to fire.
   rPois:     It protects you from poison.
   rCorr:     It protects you from acid and corrosion.
 D - a +1 war axe
Armour
 c - a +0 buckler (worn)
 h - a +1 cloak (worn)
   (You found it on level 1 of the Dungeon)
 m - a +0 pair of gloves (worn)
   (You found it on level 8 of the Dungeon)
 B - a +0 pair of boots (worn)
   (You found it on level 7 of the Dungeon)
 J - a +0 plate armour (worn)
   (You took it off an orc warrior on level 10 of the Dungeon)
Jewellery
 p - a ring of willpower (left hand)
   (You found it on level 4 of the Dungeon)
 r - an amulet of regeneration (around neck)
   (You found it on level 4 of the Dungeon)
 w - a ring of see invisible (right hand)
   (You found it on level 6 of the Dungeon)
Wands
 j - a wand of polymorph (8)
   (You found it on level 6 of the Dungeon)
 x - a wand of digging (6) {@v3}
   (You found it on level 8 of the Dungeon)
 G - a wand of iceblast (7) {@v2}
   (You found it on level 10 of the Dungeon)
 H - a wand of acid (3) {@v1}
   (You found it on level 10 of the Dungeon)
Scrolls
 k - a scroll of blinking {@r4}
 q - 5 scrolls of teleportation {@r3}
 t - a scroll of immolation
 y - a scroll of enchant armour
 A - a scroll of poison
 E - a scroll of magic mapping {@r5}
 I - 4 scrolls of identify {@r1}
Potions
 d - a potion of might {@q3}
 e - 2 potions of haste {@q4}
 f - 3 potions of flight
 g - 11 potions of heal wounds {@q2}
 i - a potion of berserk rage
 l - 3 potions of invisibility
 n - 13 potions of curing {@q1}
 o - a potion of lignification
 s - a potion of resistance {@q5}
 u - a potion of attraction
 v - a potion of ambrosia
 z - a potion of mutation
 F - a potion of brilliance {unknown}


   Skills:
 + Level 9.8 Fighting
 * Level 13.2 Axes
 + Level 10.0 Armour
 + Level 7.7 Dodging
 - Level 8.2 Shields
 + Level 7.0 Invocations


You had 10 spell levels left.
You didn't know any spells.
Your spell library was empty.

Dungeon Overview and Level Annotations

Branches:
Dungeon (11/15)            Temple (1/1) D:4            Lair (0/5) D:8
    Orc (0/2) D:10

Altars:
Ashenzari
Cheibriados
Dithmenos
Elyvilon
Fedhas
Gozag
Hepliaklqana
Kikubaaqudgha
Makhleb
Nemelex Xobeh
Okawaru
Qazlal
Ru
Sif Muna
Trog
Uskayaw
Vehumet
Wu Jian
Xom
Yredelemnul
Zin
The Shining One

Shops:
D:1 *   D:3 *:

Annotations:
D:6 exclusion: oklob plant
D:11 Urug


Innate Abilities, Weirdness & Mutations

You have a pair of horns on your head.
You reflexively headbutt those who attack you in melee.
You have large cloven feet.
You are agile. (Dex +4, Str/Int -1)


Message History

The boulder beetle bites you.
You hit the boulder beetle but do no damage.
You headbutt the boulder beetle!
The boulder beetle is heavily wounded.
The boulder beetle barely misses you.
You hit the boulder beetle but do no damage.
The boulder beetle is heavily wounded.
The boulder beetle barely misses you. You furiously retaliate!
You headbutt the boulder beetle!
You hit the boulder beetle but do no damage.
The boulder beetle is severely wounded.
The boulder beetle barely misses you. You furiously retaliate!
You headbutt the boulder beetle! You completely miss the boulder beetle.
The boulder beetle is almost dead.
The boulder beetle leaps!
Found 6 gold pieces.
The boulder beetle leaps!
The boulder beetle leaps!
No target in view!
No target in view!
No target in view!
No target in view!
No target in view!
No target in view!
No target in view!
No target in view!
No target in view!
No target in view!
You now have 683 gold pieces (gained 9).
A boulder beetle is nearby!
The boulder beetle curls into a ball and begins rolling!
You hit the boulder beetle but do no damage.
The boulder beetle is severely wounded.
The boulder beetle hits you!!
The boulder beetle stops rolling and uncurls.
You hear a shout!
You slash the boulder beetle! You headbutt the boulder beetle.
The boulder beetle is almost dead.
Urug the Orcish Ballista comes into view.
She is wielding a +5 demon trident and wearing a +1 scale mail of fire resistance.
The boulder beetle bites you but does no damage.
You slash the boulder beetle!
You kill the boulder beetle!
Cheibriados appreciates the change of pace.
Urug throws a javelin.
The javelin pierces through you.
Your Armour skill increases to level 10!
Your Invocations skill increases to level 7!
Found a potion of flight.
Urug throws a javelin.
The javelin pierces through you.
A sun demon comes into view.
The sun demon shouts!
Urug throws a javelin.
The javelin pierces through you but does no damage.
Urug misses you.
Urug hits you from afar with a +5 demon trident!
You block Urug's attack. The sun demon misses you. You furiously retaliate!
You headbutt the sun demon! Urug hits you with a +5 demon trident!
You hit the sun demon. You headbutt the sun demon.
The sun demon is lightly wounded.
You miss Urug.
The sun demon hits you but does no damage.
You block Urug's attack.
You hit the sun demon.
The sun demon is moderately wounded.
You slice Urug!! The sun demon hits you.
You are engulfed in flames!
You block Urug's attack. The sun demon closely misses you.
You are too injured to fight recklessly!
You are too injured to fight recklessly!
You are too injured to fight recklessly!
You are too injured to fight recklessly!
You are too injured to fight recklessly!
You are too injured to fight recklessly!
You are too injured to fight recklessly!
You are too injured to fight recklessly!
You are too injured to fight recklessly!
You are too injured to fight recklessly!
You are too injured to fight recklessly!
You are too injured to fight recklessly!
Activating: Slouch (8% risk of failure)
Press: ? - help, Dir - look around, f - activate You can feel time thicken for a moment.
Cheibriados lowers the support of your attributes as your movement quickens.
The sun demon barely misses you. Urug hits you with a +5 demon trident!
Activating: Slouch (8% risk of failure)
Press: ? - help, Dir - look around, f - activate You fail to use your ability.
The sun demon hits you but does no damage.
Urug drinks a potion.
Urug is healed!
Activating: Slouch (8% risk of failure)
Press: ? - help, Dir - look around, f - activate You fail to use your ability.
The sun demon hits you.
You are engulfed in flames!!
* * * LOW HITPOINT WARNING * * *
You block Urug's attack.
Activating: Slouch (8% risk of failure)
Press: ? - help, Dir - look around, f - activate You fail to use your ability.
The sun demon hits you but does no damage.
Urug closely misses you. The sun demon hits you!!
You die...

...........≈≈≈.......
...........§≈≈.......
...........§≈≈.......
..............$.......
......................
......................
..................>.$.
...!..o@..............
.......3..............
.............§§.......
...........≈§§.........^
...........≈§§?.........
...........≈≈≈§....?....
.....................?..
.....................≈≈≈
.................≈≈≈


You could see Urug and a sun demon.

Vanquished Creatures
  2 boulder beetles (D:11)
  A two-headed ogre (D:9)
  A cyclops (D:7)
  Pikel (D:5)
  A rust devil (D:11)
  An orange demon (D:11)
  A troll (D:10)
  Prince Ribbit (D:5)
  A hornet (D:8)
  Sigmund (D:5)
  A shadow (D:9)
  2 vampires
  2 wyverns (D:8)
  A basilisk (D:8)
  27 yaks
  Eustachio (D:4)
  4 vampire mosquitoes (D:10)
  Menkaure (D:7)
  Edmund (D:4)
  5 water moccasins
  2 ice beasts (D:6)
  2 orc warriors (D:10)
  A black bear (D:7)
  2 sky beasts
  3 ogres
  3 centaurs
  A lemure (D:5)
  3 kobold brigands
  A phantom (D:4)
  Blork the orc (D:6)
  3 scorpions
  3 bullfrogs
  3 gnoll sergeants (D:10)
  5 wights (D:8)
  4 killer bees (D:9)
  11 howler monkeys
  A lava snake (D:11)
  4 hounds
  2 quasits (D:11)
  8 orc priests
  9 jellies
  A sleepcap (D:5)
  An iguana (D:5)
  5 orc wizards
  8 adders
  13 gnolls
  A white imp (D:5)
  An ufetubus (D:6)
  A worm (D:5)
  2 dart slugs
  39 orcs
  10 bats
  19 endoplasms
  3 giant cockroaches
  9 goblins
  7 hobgoblins
  2 jackals (D:3)
  6 quokkas
  10 ball pythons
  2 frilled lizards
  20 kobolds
  5 rats
293 creatures vanquished.

Vanquished Creatures (others)
  11 fungi
  14 plants (D:8)
25 creatures vanquished.

Grand Total: 318 creatures vanquished

Notes
Turn   | Place    | Note
-------+----------+-------------------------------------------
     0 | D:1      | EnegeticOcto the Minotaur Fighter began the quest for the
                  | Orb.
     0 | D:1      | Reached XP level 1. HP: 19/19 MP: 0/0
    33 | D:1      | Found Qiggume's General Store.
    76 | D:1      | Reached XP level 2. HP: 22/27 MP: 1/1
   206 | D:1      | Reached skill level 3 in Axes
   837 | D:2      | Reached XP level 3. HP: 32/33 MP: 2/2
  1779 | D:3      | Reached skill level 4 in Axes
  1779 | D:3      | Reached XP level 4. HP: 37/40 MP: 3/3
  1881 | D:3      | Found Vefraetu's Assorted Antiques.
  1889 | D:3      | Bought a sedimented silvery potion for 21 gold pieces
  1889 | D:3      | Bought a sedimented silvery potion for 21 gold pieces
  1889 | D:3      | Bought a scroll labelled CUEDDU UQO for 24 gold pieces
  1976 | D:3      | Found Coshrepn's Book Shop.
  2628 | D:4      | Noticed Eustachio
  2636 | D:4      | Killed Eustachio
  2637 | D:4      | Reached skill level 5 in Axes
  2637 | D:4      | Reached XP level 5. HP: 42/47 MP: 4/4
  2661 | D:4      | Found a staircase to the Ecumenical Temple.
  2673 | D:4      | Reached skill level 5 in Fighting
  2673 | D:4      | Reached skill level 5 in Armour
  2673 | D:4      | Reached XP level 6. HP: 30/56 MP: 5/5
  2682 | Temple   | Entered the Ecumenical Temple
  2943 | Temple   | Became a worshipper of Cheibriados the Contemplative
  3003 | D:4      | Reached skill level 5 in Shields
  3191 | D:4      | Reached skill level 1 in Dodging
  3216 | D:4      | Reached skill level 1 in Invocations
  3340 | D:4      | Reached XP level 7. HP: 61/61 MP: 6/6
  3466 | D:4      | Noticed Edmund
  3487 | D:4      | Killed Edmund
  3488 | D:4      | Reached skill level 6 in Axes
  3845 | D:5      | Entered Level 5 of the Dungeon
  3845 | D:5      | Noticed Pikel
  3857 | D:5      | Killed Pikel
  3858 | D:5      | Reached XP level 8. HP: 9/70 MP: 8/8
  4175 | D:5      | Reached skill level 7 in Axes
  4197 | D:5      | Noticed Sigmund
  4207 | D:5      | Killed Sigmund
  4262 | D:5      | Reached * piety under Cheibriados
  4571 | D:5      | Reached skill level 8 in Axes
  4585 | D:5      | Reached XP level 9. HP: 8/78 MP: 10/10
  5001 | D:5      | Noticed Prince Ribbit
  5009 | D:5      | Killed Prince Ribbit
  5299 | D:6      | Noticed Blork the orc
  5302 | D:6      | Killed Blork the orc
  5562 | D:6      | Reached ** piety under Cheibriados
  5610 | D:6      | Reached skill level 9 in Axes
  5993 | D:6      | Noticed an oklob plant
  6148 | D:7      | Noticed a cyclops
  6156 | D:7      | Killed a cyclops
  6156 | D:7      | Reached *** piety under Cheibriados
  6157 | D:7      | Reached skill level 5 in Dodging
  6174 | D:7      | Identified the +0 hand axe "Vit Wep" {elec, rPois rF- rCorr
                  | Dex+4}
  6447 | D:7      | Noticed Menkaure
  6456 | D:7      | Killed Menkaure
  6457 | D:7      | Reached XP level 10. HP: 55/86 MP: 12/12
  6496 | D:7      | Found an ornate altar of the Wu Jian Council.
  6672 | D:7      | Gained mutation: You have large cloven feet. [potion of
                  | mutation]
  6672 | D:7      | Gained mutation: You are agile. (Dex +4, Str/Int -1)
                  | [potion of mutation]
  6742 | D:8      | Paralysed by a hornet for 1 turns
  6746 | D:8      | Reached skill level 10 in Axes
  7062 | D:8      | Found a staircase to the Lair.
  7068 | D:8      | Reached skill level 5 in Invocations
  7078 | D:8      | Reached **** piety under Cheibriados
  7370 | D:9      | Noticed a two-headed ogre
  7377 | D:9      | Killed a two-headed ogre
  7378 | D:9      | Reached skill level 11 in Axes
  7710 | D:9      | Reached XP level 11. HP: 95/95 MP: 14/14
  7714 | D:9      | Reached ***** piety under Cheibriados
  8054 | D:10     | Entered Level 10 of the Dungeon
  8144 | D:10     | Reached skill level 12 in Axes
  8248 | D:10     | Found a staircase to the Orcish Mines.
  8492 | D:10     | Reached ****** piety under Cheibriados
  8838 | D:11     | Noticed a boulder beetle
  8853 | D:11     | Killed a boulder beetle
  8896 | D:11     | Reached skill level 13 in Axes
  8973 | D:11     | Noticed a boulder beetle
  8992 | D:11     | Noticed Urug
  8993 | D:11     | Killed a boulder beetle
  8994 | D:11     | Reached skill level 10 in Armour
  8995 | D:11     | Noticed a sun demon
  9003 | D:11     | Slain by a sun demon

Illustrated notes

Levels and vault maps discovered:
D:1:      dpeg_arrival_court, layout_loops_cross, serial_shops,
          nicolae_shop_rolling_square
D:2:      layout_basic
D:3:      layout_loops_corners, serial_shops, shop, shop, serial_park_tiny_2
D:4:      layout_gridville, minmay_temple_entry_glass, uniq_eustachio,
          uniq_edmund
D:5:      layout_loops_cross, uniq_prince_ribbit1, uniq_sigmund, uniq_pikel
D:6:      lemuel_slime, layout_gridville, kennysheep_flooded_box,
          uniq_blork_the_orc
D:7:      layout_rooms, mainiacjoe_overflow_small_starburst, uniq_menkaure
D:8:      layout_basic, minmay_lair_entry_grove, minivault_1, minivault_24,
          sigmund_army
D:9:      layout_loops_ring, kennysheep_generic_room_6
D:10:     layout_long_grid, kennysheep_orc_monster_closet_entryway
D:11:     layout_big_octagon, serial_demonic, serial_demonic_d,
          serial_demonic_c, serial_demonic_e, serial_demonic_g,
          nzn_wu_jian_contemplation, uniq_urug
Temple:   kilobyte_greek_temple

Skill      XL: |  1  2  3  4  5  6  7  8  9 10 11 |
---------------+----------------------------------+-----
Axes           | 3 4 5 6 8 9 11 13 | 13.2
Fighting       | 4 5 6 7 8 9 |  9.8
Shields        | 4 5 6 7 8 |  8.2
Armour         | 4 5 6 7 8 10 | 10.0
Dodging        | 1 2 3 5 6 7 |  7.7
Invocations    | 1 2 3 4 5 7 |  7.0

Action                     |  1- 3 |  4- 6 |  7- 9 | 10-12 || total
---------------------------+-------+-------+-------+-------++-------
  Melee: War axe           |    97 |    72 |   237 |       ||   406
         Headbutt          |     9 |     9 |    50 |    54 ||   122
         Broad axe         |       |       |     8 |   272 ||   280
 Invoke: Slouch            |       |       |       |     1 ||     1
    Use: Scroll            |       |     4 |     6 |    11 ||    21
         Potion            |       |       |       |     1 ||     1
 Armour: Scale mail        |    57 |    23 |    76 |    78 ||   234
         Plate armour      |       |       |       |    14 ||    14
  Dodge: Dodged            |    53 |    38 |   125 |   235 ||   451
  Block: Buckler           |    16 |    16 |    62 |   141 ||   235
